 Dungeon Crawl Stone Soup version 0.28.0-43-g3370ac3207 (webtiles) character file.

Game seed: 8335662314923793936

4 Xernist the Charlatan (level 1, -1/9 HPs)
             Began as a Spriggan Artificer on Mar 29, 2022.
             Slain by a frilled lizard (2 damage)
             ... on level 1 of the Dungeon.
             The game lasted 00:00:56 (117 turns).

Xernist the Charlatan (Spriggan Artificer)           Turns: 117, Time: 00:00:57

Health: -1/9       AC:  2    Str:  8    XL:     1   Next: 50%
Magic:  2/2        EV: 17    Int: 12    God:
Gold:   2          SH:  0    Dex: 15    Spells: 0/0 levels left

rFire   . . .      SeeInvis +   a - +0 club
rCold   . . .      Faith    .   (no shield)
rNeg    . . .      Spirit   .   b - +0 robe
rPois   .          Reflect  .   (helmet restricted)
rElec   .          Harm     .   (no cloak)
rCorr   .          Rampage  .   (gloves unavailable)
Will    .....                   (boots unavailable)
Stlth   ++........              (no amulet)
HPRegen 0.03/turn               (no ring)
MPRegen 0.08/turn               (no ring)

@: very quick
A: very small, no large weapons, unfitting armour, see invisible, speed 3
a: no special abilities


You were on level 1 of the Dungeon.
You visited 1 branch of the dungeon, and saw 1 of its levels.

You collected 2 gold pieces.

Inventory:

Hand Weapons
 a - a +0 club (weapon)
Armour
 b - a +0 robe (worn)
Wands
 c - a wand of flame (15) (quivered)
 d - a wand of charming (15)
Miscellaneous
 e - a piece from Xom's chessboard (15/15)


   Skills:
 + Level 0.7 Fighting
 + Level 3.2 Dodging
 + Level 1.5 Stealth
 + Level 4.4 Evocations


You couldn't memorise any spells.
You didn't know any spells.
Your spell library was empty.

Dungeon Overview and Level Annotations

Branches:
Dungeon (1/15)

Altars:


Innate Abilities, Weirdness & Mutations

You are very small and have problems with some larger weapons.
You are too small for most types of armour.
You have supernaturally acute eyesight. (SInv)
You cover ground extremely quickly. (Speed+++)


Message History

The dart slug is moderately wounded.
The dart slug launches a dart at you. The slug dart misses you.
You hit the dart slug but do no damage.
The dart slug is moderately wounded.
The dart slug completely misses you.
You hit the dart slug.
The dart slug is moderately wounded.
The frilled lizard bites you. The dart slug barely misses you.
You hit the dart slug.
The dart slug is severely wounded.
The frilled lizard bites you. The dart slug launches a dart at you.
The slug dart misses you.
You hit the dart slug but do no damage.
The dart slug is severely wounded.
The frilled lizard barely misses you. The dart slug misses you.
The frilled lizard barely misses you.
You hit the dart slug but do no damage.
The dart slug is severely wounded.
The frilled lizard completely misses you.
The dart slug launches a dart at you. The slug dart hits you.
* * * LOW HITPOINT WARNING * * *
You hit the dart slug.
The dart slug is almost dead.
The frilled lizard completely misses you.
You hit the dart slug.
You kill the dart slug!
The frilled lizard closely misses you.
You closely miss the rat. The frilled lizard closely misses you.
The rat barely misses you. The frilled lizard bites you.
* * * LOW HITPOINT WARNING * * *
You hit the rat.
You kill the rat!
The frilled lizard misses you. The frilled lizard misses you.
You see here a rat corpse.
You barely miss the frilled lizard. The frilled lizard bites you.
You die...

#...# #...## ..
#.... #. #...# #.#
#...# #.# #...#
.####.########...#
.............†@..#
####........l...#
##....#######..#
#####.....# .....
..........# ......
.####.....# ######
##....# ###..# ###
#######..####.##


You could see a frilled lizard.

Vanquished Creatures
  A dart slug (D:1)
  A ball python (D:1)
  A rat (D:1)
3 creatures vanquished.

Notes
Turn   | Place    | Note
-------+----------+-------------------------------------------
     0 | D:1      | Xernist the Spriggan Artificer began the quest for the Orb.
     0 | D:1      | Reached XP level 1. HP: 9/9 MP: 2/2
   117 | D:1      | Slain by a frilled lizard

Illustrated notes

Levels and vault maps discovered:
D:1:      dpeg_arrival_chambers_temple_mockup, layout_loops_ring,
          hellmonk_ecumenical_altar_dog_temple

Action                   || total
-------------------------++-------
Melee: Club              ||    13
Dodge: Dodged            ||    19
